 Dungeon Crawl Stone Soup version 0.29.1-15-g9cfb28693d (webtiles) character file.

Game seed: 8991230506080611719

168 jtron the Poker (level 5, -7/41 HPs)
             Began as a Demonspawn Chaos Knight on Feb 26, 2023.
             Was a Plaything of Xom.
             Mangled by a bullfrog (11 damage)
             ... on level 4 of the Dungeon.
             The game lasted 00:09:27 (2330 turns).

jtron the Poker (Demonspawn Chaos Knight)           Turns: 2330, Time: 00:09:28

Health: -7/41      AC:  8    Str: 12    XL:     5   Next: 24%
Magic:  5/5        EV: 11    Int: 13    God:    Xom [......]
Gold:   189        SH:  0    Dex: 21    Spells: 4/4 levels left

rFire   . . .      SeeInvis .   a - +0 spear (chaos)
rCold   . . .      Faith    .   (no shield)
rNeg    + . .      Spirit   .   n - +2 leather armour
rPois   .          Reflect  .   v - +2 hat
rElec   +          Harm     .   w - +0 cloak
rCorr   .          Rampage  .   (no gloves)
Will    .....                   (no boots)
Stlth   ++........              f - amulet of the acrobat
HPRegen 0.13/turn               p - ring of positive energy
MPRegen 0.18/turn               u - +6 ring of dexterity

@: no status effects
A: thin metallic scales 1, ignite blood 1, magic regeneration, deformed body,
electricity resistance
a: Renounce Religion


You were on level 4 of the Dungeon.
You worshipped Xom.
You were a very special plaything of Xom.
You visited 1 branch of the dungeon, and saw 4 of its levels.

You collected 189 gold pieces.

Inventory:

Hand Weapons
 a - a +0 spear of chaos (weapon)
 b - the +8 sling of Ignis's Hope {speed, Will+}
   (You found it on level 2 of the Dungeon)

   Attacks with this weapon are significantly faster.
   Will:      It increases your willpower.
Missiles
 g - 12 stones
Armour
 n - a +2 leather armour (worn)
 v - a +2 hat (worn)
 w - a +0 cloak (worn)
Jewellery
 f - an amulet of the acrobat (around neck)
 p - a ring of positive energy (left hand)
 u - a +6 ring of dexterity (right hand)
Scrolls
 e - a scroll of poison {unknown}
 i - a scroll of butterflies {unknown}
 k - a scroll of noise {unknown}
 l - a scroll of enchant weapon {unknown}
 r - a scroll of enchant armour {unknown}
 x - a scroll of blinking {unknown}
Potions
 d - 2 potions of brilliance
 m - a potion of haste {unknown}
 o - 2 potions of attraction
 q - a potion of ambrosia {unknown}
 t - a potion of resistance {unknown}
Miscellaneous
 c - a piece from Xom's chessboard (15/15) (quivered)


   Skills:
 + Level 3.4 Fighting
 + Level 3.5 Polearms
 * Level 2.8 Ranged Weapons
 + Level 2.3 Armour
 - Level 0.9 Dodging
 + Level 1.0 Stealth
 + Level 0.1 Evocations


You had 4 spell levels left.
You didn't know any spells.
Your spell library contained the following spells:

 Spells                   Type           Power      Damage    Failure   Level
 Apportation              Tloc           0%         N/A       36%         1
 Ozocubu's Armour         Ice            0%         N/A       75%         3
 Petrify                  Tmut/Erth      0%         N/A       98%         4
 Metabolic Englaciation   Hex/Ice        0%         N/A       100%        5
 Simulacrum               Ice/Necr       0%         N/A       100%        6
 Statue Form              Tmut/Erth      0%         N/A       100%        6


Dungeon Overview and Level Annotations

Branches:
Dungeon (4/15)
 Temple: D:4-7

Altars:


Innate Abilities, Weirdness & Mutations

You are partially covered in thin metallic scales. (AC +2)
Your demonic aura sometimes causes spilled blood to erupt in flames.
You regenerate magic rapidly.
Armour fits poorly on your strangely shaped body.
You are resistant to electric shocks. (rElec)


Message History

The bullfrog is moderately wounded.
The bullfrog closely misses you. The bullfrog hits you!
You hit the bullfrog.
The bullfrog is heavily wounded.
The bullfrog hits you but does no damage.
You hit the bullfrog.
The bullfrog is heavily wounded.
You hear Xom's avuncular chuckle.
The bullfrog suddenly seems more resistant.
The bullfrog closely misses you.
You barely miss the bullfrog.
The bullfrog is heavily wounded. "This might be better!"
You swap places with the bullfrog.
Found a stone staircase leading up.
The bullfrog misses you. The bullfrog closely misses you.
You hit the bullfrog. You burn the bullfrog.
The bullfrog is severely wounded.
The bullfrog closely misses you.
You closely miss the bullfrog.
The bullfrog is severely wounded.
The bullfrog hits you!
You hit the bullfrog.
The bullfrog is almost dead.
The bullfrog hits you.
* * * LOW HITPOINT WARNING * * *
The bullfrog closely misses you.
You feel better. The bullfrog hits you!
* * * LOW HITPOINT WARNING * * *
You feel better. The bullfrog hits you!
* * * LOW HITPOINT WARNING * * *
The bullfrog hits you but does no damage.
You barely miss the bullfrog.
The bullfrog is almost dead.
The bullfrog misses you.
You barely miss the bullfrog.
The bullfrog is almost dead.
The bullfrog hits you!
* * * LOW HITPOINT WARNING * * *
The bullfrog hits you!
You die...

#####.#.#...##
....#........
.#.#.......###
#............ #.
.#)....$....
....#...)...... ..
##.....<..##...
#@####......
####F...#.#....
#....##......# #.#####
#....##......#
#.....###.......#....##
########...##..###.......#
#.......##.##.####.......#
#....##....##............#
#....##.........###......#


You could see a bullfrog (strong, resistant).

Vanquished Creatures
  A necrophage (D:4)
  2 adders (D:2)
  An ufetubus (D:4)
  A worm (D:4)
  A dart slug (D:2)
  2 orcs
  5 ball pythons
  8 endoplasms
  5 giant cockroaches
  4 goblins
  5 hobgoblins
  7 jackals
  4 quokkas
  4 bats
  3 frilled lizards
  9 kobolds
  3 rats
65 creatures vanquished.

Vanquished Creatures (others)
  A fungus (D:1)
  3 plants (D:1)
4 creatures vanquished.

Grand Total: 69 creatures vanquished

Notes
Turn   | Place    | Note
-------+----------+-------------------------------------------
     0 | D:1      | jtron the Demonspawn Chaos Knight began the quest for the
                  | Orb.
     0 | D:1      | Reached XP level 1. HP: 18/18 MP: 1/1
    36 | D:1      | XOM: silly message
    77 | D:1      | Found a faded altar of an unknown god.
    85 | D:1      | Got Plato's Compilation of the Voyage
   169 | D:1      | Gained mutation: You are partially covered in thin metallic
                  | scales. (AC +2) [demonic ancestry]
   169 | D:1      | Reached XP level 2. HP: 18/24 MP: 2/2
   708 | D:1      | XOM: silly message
   730 | D:2      | XOM: divination: detect items
   760 | D:2      | XOM: silly message
   762 | D:2      | Gained mutation: Your demonic aura sometimes causes spilled
                  | blood to erupt in flames. [demonic ancestry]
   762 | D:2      | Reached XP level 3. HP: 29/29 MP: 3/3
   837 | D:2      | Identified the +8 sling of Ignis's Hope {speed, Will+}
  1132 | D:2      | XOM: god gift: encrusted ruby ring {god gift}
  1200 | D:2      | XOM: give mutations
  1200 | D:2      | Gained mutation: Your flesh is heat resistant. (rF+) [Xom's
                  | grace]
  1200 | D:2      | Gained mutation: Your movements are slightly less
                  | encumbered by armour. (ER -2) [Xom's grace]
  1200 | D:2      | Gained mutation: You passively dampen the noise of your
                  | surroundings. [Xom's grace]
  1263 | D:3      | Gained mutation: You regenerate magic rapidly. [demonic
                  | ancestry]
  1263 | D:3      | Reached XP level 4. HP: 35/35 MP: 4/4
  1305 | D:3      | XOM: god gift: 36 gold pieces
  1414 | D:3      | Reached skill level 1 in Ranged Weapons
  1727 | D:3      | XOM: silly message
  1992 | D:4      | Noticed a necrophage
  2010 | D:4      | Killed a necrophage
  2011 | D:4      | Reached skill level 1 in Stealth
  2011 | D:4      | Reached XP level 5. HP: 25/41 MP: 5/5
  2284 | D:4      | Lost mutation: Your movements are slightly less encumbered
                  | by armour. (ER -2) [potion of mutation]
  2284 | D:4      | Lost mutation: Your flesh is heat resistant. (rF+) [potion
                  | of mutation]
  2284 | D:4      | Lost mutation: You passively dampen the noise of your
                  | surroundings. [potion of mutation]
  2284 | D:4      | Gained mutation: Armour fits poorly on your strangely
                  | shaped body. [potion of mutation]
  2284 | D:4      | Gained mutation: You are resistant to electric shocks.
                  | (rElec) [potion of mutation]
  2317 | D:4      | XOM: enchant monster (bad)
  2322 | D:4      | XOM: enchant monster (bad)
  2323 | D:4      | XOM: swap monsters
  2330 | D:4      | Mangled by a bullfrog

Illustrated notes

Levels and vault maps discovered:
D:1:      dpeg_arrival_houses_and_road, layout_basic,
          shapermc_ecumenical_altar_rom_forum
D:2:      layout_rooms
D:3:      layout_basic
D:4:      layout_basic, okawaru_altar_gauntlet_db, minmay_temple_entry_fiery,
          grunt_decor_clamped, minmay_checkerbox

Skill      XL: |  1  2  3  4 |
---------------+-------------+-----
Polearms       | 3 |  3.5
Armour         | 2 |  2.3
Ranged Weapons | 2 |  2.8
Stealth        | 1 |  1.0
Fighting       | |  3.4
Dodging        | |  0.9
Evocations     | |  0.1

Action                   |  1- 3 |  4- 6 || total
-------------------------+-------+-------++-------
Melee: Spear             |    92 |    42 ||   134
       Punch             |     1 |       ||     1
 Fire: Sling             |    19 |    39 ||    58
Evoke: Piece from Xom's  |     5 |       ||     5
  Use: Scroll            |     1 |     4 ||     5
       Potion            |       |     3 ||     3
 Stab: Petrifying        |     1 |     1 ||     2
       Petrified         |     1 |       ||     1
       Sleeping          |     1 |       ||     1
Armor: Leather armour    |    41 |    11 ||    52
Dodge: Dodged            |    47 |    26 ||    73
